cohdb
Replays
Latest Replays
All Replays
Popular Replays
Top Player Replays
Match Explorer
How It Works
Community
CoH3 Stats
Reddit
Sign in to upload your games and track your stats! →
Sign in with Steam
Match 44784616
Unlisted
Match 44784616
Overview
Messages
Build Orders
End
Panzerpioneer Squad
Panzergrenadier Squad
Construct Light Support Kompanie
MG34 Team
Selects Italian Infantry
Assault Grenadier Squad
Selects Guastatori Squad
Fire Support Elements
Pak 38 Anti-tank Gun Team
Pak 38 Anti-tank Gun Team
Flakvierling Half-track
le.IG 18 Support Gun Team
Panzerpioneer Squad
Panzerjäger Squad
Panzerjäger Squad
Selects L6/40 Light Tank Combat Group
Selects Towed Cannone da 105/28 Field Howitzer
MG34 Team
Assault Grenadier Squad
Pak 38 Anti-tank Gun Team
Construct Mechanized Kompanie
Panzerpioneer Squad
8 Rad Armored Car
254 Reconnaissance Tractor
Kradschützen Motorcycle Team
Assault Grenadier Squad
Selects Defensive Operations
Selects Territory Booby Traps
Selects Propaganda War
Mac Lesggy
ARC
Team saupiquet
francois
0
0
Comments
sign in to comment!
No comments posted yet!